AoeStats
← Red Calypso

Lombardia

509534334Analyzed
2v2 RM · 5d ago on Sep 27, 2026· 60m 25s· 4 players
Game mode
Random Map
Map size
Medium (4 player)
Population
200
Speed
Normal
Resources
Standard
Victory
Conquest
Starting age
Dark Age
Ending age
Imperial Age
RankedLock teamsTeams togetherTeam positionsShared explorationLock speedFull tech treeHidden civsTurbo modeCheats
Victory
Defeat
🇨🇴 Persians · Colombia
1482
+14
🇳🇱 Mongols · Netherlands
1424
+17
🇩🇪 Cumans · Germany
1484
-17
🇦🇹 Mongols · Austria
1406
-14
Lindy
9:22 Loom
11:08 Feudal Age
15:00 Castle Age
13:02 Double-Bit Axe
13:40 Horse Collar
16:24 Heavy Plow
19:34 Fletching
24:24 Bodkin Arrow
26:25 Bow Saw
26:43 Ballistics
26:52 Husbandry
27:02 Bloodlines
27:19 Padded Archer Armor
28:57 Wheelbarrow
33:40 Imperial Age
31:12 Gold Mining
32:25 Leather Archer Armor
32:21 Forging
34:28 Thumb Ring
34:34 Bracer
35:46 Chemistry
35:26 Conscription
35:58 Elite Mangudai
37:45 Parthian Tactics
37:45 Masonry
37:31 Murder Holes
40:14 Hand Cart
40:27 Drill
39:46 Capped Ram
40:50 Siege Ram
44:02 Caravan
55:40 Hoardings
56:35 Scale Barding Armor
56:29 Light Cavalry
58:34 Chain Barding Armor
58:49 Iron Casting
58:29 Hussar
FC_diana2501
6:01 Loom
8:49 Feudal Age
9:26 Double-Bit Axe
9:52 Horse Collar
17:06 Wheelbarrow
19:44 Castle Age
18:37 Gold Mining
18:59 Bloodlines
19:01 Forging
18:57 Scale Barding Armor
20:32 Bow Saw
24:32 Iron Casting
26:17 Heavy Plow
27:57 Stone Mining
34:29 Imperial Age
33:39 Chain Barding Armor
33:13 Fletching
34:17 Husbandry
34:53 Cavalier
36:09 Plate Barding Armor
35:30 Bodkin Arrow
36:36 Blast Furnace
37:43 Chemistry
38:13 Conscription
39:10 Savar
40:03 Town Watch
47:15 Gold Shaft Mining
46:42 Town Patrol
50:52 Hand Cart
53:06 Light Cavalry
59:03 Hussar
60:38 Hoardings
59:33 Sappers
60:12 Kamandaran
60:51 Ballistics
60:41 Masonry
Red Calypso
8:51 Feudal Age
9:47 Double-Bit Axe
12:34 Forging
20:48 Castle Age
19:01 Stone Mining
19:59 Horse Collar
20:57 Padded Archer Armor
20:48 Fletching
22:16 Bow Saw
22:08 Heavy Plow
24:04 Bloodlines
23:55 Husbandry
24:02 Loom
25:02 Bodkin Arrow
26:45 Wheelbarrow
27:17 Fortified Wall
32:23 Hand Cart
36:46 Imperial Age
35:30 Leather Archer Armor
35:27 Light Cavalry
36:04 Town Watch
37:00 Scale Barding Armor
37:31 Iron Casting
37:47 Bracer
38:49 Chemistry
38:50 Chain Barding Armor
38:51 Thumb Ring
39:14 Hussar
41:15 Iron Casting
41:07 Conscription
43:32 Blast Furnace
43:09 Town Patrol
58:39 Parthian Tactics
58:27 Elite Mangudai
LukasPlanet
6:33 Loom
8:54 Feudal Age
13:23 Double-Bit Axe
13:27 Horse Collar
18:42 Wheelbarrow
21:30 Castle Age
20:08 Gold Mining
21:32 Bloodlines
21:29 Scale Barding Armor
21:35 Forging
22:07 Forging
22:40 Bow Saw
22:31 Heavy Plow
23:27 Gold Shaft Mining
23:54 Chain Barding Armor
26:57 Iron Casting
27:03 Hand Cart
30:14 Town Watch
31:53 Town Patrol
34:51 Imperial Age
35:09 Cavalier
36:27 Plate Barding Armor
36:52 Blast Furnace
37:08 Coinage
36:49 Guilds
36:40 Caravan
37:43 Two-Man Saw
37:15 Crop Rotation
37:09 Paladin
42:07 Banking
44:51 Steppe Husbandry
46:43 Light Cavalry
47:16 Fletching
48:50 Hoardings
50:53 Hussar
Connection lost

Rejoining the realm…

Still unreachable

The connection could not be restored.

Session expired

The server has moved on; the page needs a fresh start.